 Dungeon Crawl Stone Soup version 0.30-a0-800-g7c544603b3 (webtiles) character file.

Game seed: 13952802153874963172

110380 Iich the Executioner (level 16, -1/232 HPs)
             Began as a Hill Orc Fighter on Feb 21, 2023.
             Was an Initiate of Gozag.
             Killed by divine providence
             ... invoked by a daeva
              (14 damage)
             ... on level 2 of the Abyss.
             The game lasted 00:30:28 (21031 turns).

Iich the Executioner (Hill Orc Fighter)            Turns: 21031, Time: 00:30:29

Health: -1/232     AC: 31    Str: 21    XL:     16   Next: 54%
Magic:  0/16       EV: 10    Int: 13    God:    Gozag
Gold:   2672       SH:  0    Dex: 16    Spells: 15/15 levels left

rFire   + . .      SeeInvis .    g - +6 broad axe (vamp)
rCold   . . .      Faith    .    H - +0 kite shield
rNeg    . . .      Spirit   +    E - +3 plate armour {rPois}
rPois   +          Reflect  .    L - +2 helmet {Int+3}
rElec   +          Harm     .    v - +2 cloak {Stlth+}
rCorr   .          Rampage  .    F - +2 pair of gloves
Will    +....                    c - +0 pair of boots "Qeveigie" {rElec rF+ Int+2} Stlth
                                 G - amulet of guardian spirit
HPRegen 0.58/turn                q - +5 ring of evasion
MPRegen 0.15/turn                u - +4 ring of slaying

@: confused, berserking (expiring), gold aura, hasted, glowing, very quick
A: iridescent scales 1, poison resistance, evolution 1
a: Renounce Religion, Potion Petition, Call Merchant, Bribe Branch


You were on level 2 of the Abyss.
You worshipped Gozag.
Gozag was most pleased with you.
You visited 3 branches of the dungeon, and saw 20 of its levels.
You visited the Abyss 1 time.

You collected 6362 gold pieces.
You spent 912 gold pieces at shops.
You paid 2778 gold pieces to Gozag.

Inventory:

Hand Weapons
 g - a +6 vampiric broad axe (weapon)
Armour
 c - the +0 pair of boots "Qeveigie" (worn) {rElec rF+ Int+2}
   (You found it on level 3 of the Lair of Beasts)

   Int:       It affects your intelligence (+2).
   rF:        It protects you from fire.
   rElec:     It insulates you from electricity.
 v - a +2 cloak of stealth (worn)
 E - a +3 plate armour of poison resistance (worn)
 F - a +2 pair of gloves (worn)
 H - a +0 kite shield (worn)
 L - a +2 helmet of intelligence (worn)
Jewellery
 q - a +5 ring of evasion (left hand)
 u - a +4 ring of slaying (right hand)
 C - a +5 ring of evasion
 G - an amulet of guardian spirit (around neck)
 J - a +4 ring of slaying
 N - a ring of wizardry
 Q - a +4 ring of protection
 W - a ring of ice
Wands
 l - a wand of charming (12)
 y - a wand of quicksilver (26)
 K - a wand of mindburst (14)
 M - a wand of digging (7)
 P - a wand of flame (10)
 R - a wand of polymorph (17)
 X - a wand of roots (16)
Scrolls
 b - a scroll of torment
 h - 3 scrolls of magic mapping
 i - 2 scrolls of butterflies
 j - 6 scrolls of fear
 k - a scroll of blinking
 m - 4 scrolls of amnesia
 r - a scroll of vulnerability
 s - a scroll of immolation
 t - 5 scrolls of identify
 A - 5 scrolls of teleportation
 D - 2 scrolls of poison
 O - 2 scrolls of fog
 T - a scroll of brand weapon
 V - a scroll of noise
 Y - a scroll of silence
Potions
 a - a potion of resistance
 e - 3 potions of brilliance
 f - 5 potions of heal wounds
 n - 2 potions of flight
 o - 8 potions of ambrosia
 p - 11 potions of curing
 w - a potion of attraction
 x - a potion of might
 z - 2 potions of lignification
 B - 4 potions of haste
 I - a potion of cancellation {unknown}
 S - a potion of degeneration
 U - 3 potions of magic
 Z - a potion of mutation
Miscellaneous
 d - a lightning rod (4/4)


   Skills:
 + Level 17.3 Fighting
 * Level 25.2 Axes
 + Level 10.8 Armour
 + Level 10.9 Shields


You had 15 spell levels left.
You didn't know any spells.
Your spell library contained the following spells:

 Spells                   Type           Power      Damage    Failure   Level
 Beastly Appendage        Tmut           0%         N/A       100%        1
 Necrotise                Necr           0%         1d4       100%        1
 Sandblast                Erth           0%         2d4       100%        1
 Slow                     Hex            0%         N/A       100%        1
 Cigotuvi's Dreadful Rot  Necr/Pois/Air  0%         N/A       100%        2
 Passwall                 Tmut/Erth      0%         N/A       100%        2
 Static Discharge         Conj/Air       0%         2-2/arc   100%        2
 Wereblood                Tmut           0%         N/A       100%        2
 Confusing Touch          Hex            0%         N/A       100%        3
 Dazzling Flash           Conj/Hex       0%         N/A       100%        3
 Spider Form              Tmut/Pois      0%         N/A       100%        3
 Stone Arrow              Conj/Erth      0%         3d7       100%        3
 Tukima's Dance           Hex            0%         N/A       100%        3
 Vampiric Draining        Necr           0%         2d6       100%        3
 Vhi's Electric Charge    Tloc/Air       0%         N/A       100%        3
 Airstrike                Air            0%         2d(0-16)  100%        4
 Animate Armour           Summ/Erth      0%         N/A       100%        4
 Dispel Undead            Necr           0%         3d6       100%        4
 Leda's Liquefaction      Hex/Erth       0%         N/A       100%        4
 Passage of Golubria      Tloc           0%         N/A       100%        4
 Summon Lightning Spire   Summ/Air       0%         N/A       100%        4
 Agony                    Necr           0%         N/A       100%        5
 Arcjolt                  Conj/Air       0%         1d10      100%        5
 Blade Hands              Tmut           0%         N/A       100%        5
 Irradiate                Conj/Tmut      0%         3d11      100%        5
 Iskenderun's Battlesphe  Conj           0%         2d6       100%        5
 Lee's Rapid Deconstruct  Erth           0%         3d4*      100%        5
 Lightning Bolt           Conj/Air       0%         1d11      100%        5
 Silence                  Hex/Air        0%         N/A       100%        5
 Yara's Violent Unravell  Hex/Tmut       0%         3d3       100%        5
 Death Channel            Necr           0%         N/A       100%        6
 Iron Shot                Conj/Erth      0%         9d1       100%        6
 Statue Form              Tmut/Erth      0%         N/A       100%        6
 Dragon Form              Tmut           0%         N/A       100%        7
 Spellforged Servitor     Conj/Summ      0%         N/A       100%        7
 Maxwell's Capacitive Co  Air            0%         ∞         100%        8


Dungeon Overview and Level Annotations

Branches:
Dungeon (14/15)            Temple (1/1) D:5            Lair (5/5) D:10
 Shoals (0/4) Lair:2        Snake (0/4) Lair:2        Slime (0/5) Lair:5
    Orc (0/2) D:10
 Vaults: D:13-14

Altars:
Ashenzari
Cheibriados
Dithmenos
Elyvilon
Fedhas
Gozag
Hepliaklqana
Kikubaaqudgha
Makhleb
Nemelex Xobeh
Okawaru
Qazlal
Ru
Sif Muna
Trog
Uskayaw
Vehumet
Wu Jian
Xom
Yredelemnul
Zin
The Shining One
Jiyva

Shops:
D:2 [:((   D:11 [   D:12 ?


Innate Abilities, Weirdness & Mutations

You are partially covered in iridescent scales. (AC +2)
Your system is resistant to poisons. (rPois)
You have hidden genetic potential.


Message History

2 jiangshi come into view.
You slash the deep elf elementalist!
You kill the deep elf elementalist!
The earth elemental disappears in a puff of smoke! x2
A tentacled starspawn comes into view.
The smoke demon hits you but does no damage.
You block the smoke demon's attack.
The smoke demon hits you but does no damage.
The golden eye blinks at you.
You are confused.
You slice the smoke demon!!
You kill the smoke demon!
An air elemental comes into view.
The golden eye blinks at you. You resist with almost no effort.
Found a gateway leading deeper into the Abyss.
The golden eye blinks at you. You resist with almost no effort.
The golden eye blinks at you.
You easily resist.
You feel a strong urge to attack something.
A jiangshi comes into view.
The daeva calls down the wrath of the Shining One upon you.
The Shining One smites you!
* * * LOW HITPOINT WARNING * * *
The golden eye is distracted by your dazzling golden aura.
The jiangshi moves out of view.
You completely miss the air elemental. The air elemental closely misses you.
The air elemental hits you but does no damage.
The golden eye is distracted by your dazzling golden aura.
The daeva calls down the wrath of the Shining One upon you.
The Shining One smites you!
* * * LOW HITPOINT WARNING * * *
The air elemental completely misses you.
You feel a strong urge to attack something.
A golden eye comes into view.
The daeva calls down the wrath of the Shining One upon you.
The Shining One smites you!
You die...
Your body crumbles into a pile of gold.

##... ..#.
#........
#.......# # .
#.......#.#... .
##....~..#>#.# . #
#....>#..V#.##$#
#.#....#..#...#
A## # $
#.....@...#.#.#...
.
...##..#EX.#...§.
#....$.A##..§## .#
. ###G....$#..## #
$ ##
#.....G...V.....#
# # .
#....##########.#
#... ....G #.# . .
..#.. #.##§.. # #
#.. .. .#


You could see a daeva, a tentacled starspawn, 2 jiangshi, an air elemental and 3
golden eyes.

Vanquished Creatures
  A tentacled starspawn (Abyss:2)
  A deep elf elementalist (Abyss:2)
  A dire elephant (Lair:5)
  Josephine (Lair:4)
  A rakshasa (Abyss:2)
  A quicksilver dragon skeleton (Abyss:2)
  8 hydras
  A catoblepas (Lair:5)
  3 boulder beetles
  A two-headed ogre (D:11)
  The ghost of tarna41 the Fighter, a novice MiBe of Trog (D:9)
  A centaur warrior (D:14)
  4 dancing weapons (D:14)
  A deep troll shaman (Lair:5)
  12 death yaks
  Urug (D:13)
  Nergalle (Lair:2)
  2 skysharks (Lair:5)
  4 lindwurms (Lair:3)
  Pikel (D:8)
  5 deep elf pyromancers
  A cyclops (D:11)
  A manticore (D:13)
  A salamander (Lair:2)
  2 ugly things (D:13)
  A torpor snail (Lair:2)
  4 black mambas
  7 elephants
  2 gargoyles (D:12)
  A smoke demon (Abyss:2)
  Maggie (D:8)
  10 cane toads
  5 kobold demonologists
  6 rime drakes
  An efreet (Abyss:2)
  6 komodo dragons
  2 ancient zymes (Abyss:2)
  A queen bee (D:12)
  9 meliai
  2 polar bears (Lair:5)
  2 trolls (D:11)
  4 large abominations (Abyss:2)
  The ghost of Pimp the Conjurer, an amateur DrCj (D:4)
  12 blink frogs
  17 dream sheep
  6 slime creatures
  3 wraiths (Lair:4)
  63 yaks
  A shadow (D:10)
  2 ynoxinuls (Abyss:2)
  12 wyverns
  6 basilisks (Lair:5)
  Grum (D:8)
  9 humans (D:14)
  Duvessa (D:5)
  15 water moccasins
  3 acid dragons
  12 orc warriors
  2 black bears
  4 boggarts (D:13)
  5 ogres
  9 centaurs
  31 wolves
  2 phantoms
  A lemure (D:8)
  3 kobold brigands
  2 small abominations (Abyss:2)
  Blork the orc (D:4)
  16 bullfrogs
  A gnoll sergeant (D:11)
  4 necrophages
  4 scorpions
  5 wights
  Dowan (D:5)
  21 killer bees
  5 howler monkeys
  5 jellies
  4 lava snakes (Lair:2)
  A quasit (Abyss:2)
  5 hounds
  3 gnoll boudas
  5 orc priests
  8 starcursed masses (Abyss:2)
  5 iguanas
  10 orc wizards
  8 hell rats (Lair:5)
  A mummy (D:7)
  18 gnolls
  12 adders
  A shadow imp (D:5)
  3 white imps
  An ufetubus (D:6)
  4 dart slugs
  58 orcs
  11 ball pythons
  8 bats
  10 endoplasms
  3 giant cockroaches
  6 goblins
  10 hobgoblins
  A jackal (D:4)
  3 quokkas
  4 frilled lizards
  11 kobolds
  4 rats
  A starspawn tentacle (Abyss:2)
626 creatures vanquished.

Vanquished Creatures (others)
  29 fungi
  37 plants
  A starspawn tentacle (Abyss:2)
  2 withered plants (D:9)
69 creatures vanquished.

Grand Total: 695 creatures vanquished

Notes
Turn   | Place    | Note
-------+----------+-------------------------------------------
     0 | D:1      | Iich the Hill Orc Fighter began the quest for the Orb.
     0 | D:1      | Reached XP level 1. HP: 19/19 MP: 1/1
    71 | D:1      | Reached skill level 3 in Axes
   113 | D:1      | Reached XP level 2. HP: 26/27 MP: 2/2
   386 | D:1      | Reached skill level 4 in Axes
   448 | D:1      | Reached XP level 3. HP: 33/33 MP: 3/3
  1034 | D:2      | HP: 1/33 [something (2)]
  1664 | D:1      | Reached skill level 5 in Axes
  1664 | D:1      | Reached XP level 4. HP: 11/41 MP: 4/4
  2163 | D:2      | Found Erugutos's Armour Boutique.
  2171 | D:2      | Bought a +0 pair of boots for 54 gold pieces
  2310 | D:2      | Found a sacrificial altar of Ru.
  2313 | D:2      | Found Dealea's Book Shop.
  2389 | D:2      | Reached XP level 5. HP: 45/47 MP: 5/5
  2548 | D:2      | Found Escheoshry's Weapon Emporium.
  2588 | D:2      | Found Olior's Antique Weapon Boutique.
  2767 | D:3      | Identified the +4 spear "Rishrozxa" {pain, *Corrode rElec
                  | rPois rF++}
  2830 | D:3      | Reached skill level 6 in Axes
  2887 | D:3      | Reached skill level 5 in Fighting
  3304 | D:3      | Found a faded altar of an unknown god.
  3594 | D:4      | Noticed Pimp's ghost (amateur DrCj)
  3662 | D:4      | Reached skill level 7 in Axes
  3662 | D:4      | Reached XP level 6. HP: 31/56 MP: 6/6
  4164 | D:4      | Reached skill level 8 in Axes
  4164 | D:4      | Reached XP level 7. HP: 63/63 MP: 7/7
  4349 | D:4      | Found a runed translucent gate.
  4349 | D:4      | Found a runed translucent gate.
  4356 | D:4      | Found a runed translucent gate.
  4362 | D:4      | Noticed Blork the orc
  4375 | D:4      | Killed Blork the orc
  4575 | D:2      | Bought a runed broad axe for 154 gold pieces
  4926 | D:4      | Reached skill level 9 in Axes
  4926 | D:4      | Killed Pimp's ghost
  4927 | D:4      | Reached XP level 8. HP: 55/73 MP: 8/8
  5018 | D:5      | Entered Level 5 of the Dungeon
  5098 | D:5      | Reached skill level 10 in Axes
  5454 | D:5      | Noticed Duvessa
  5456 | D:5      | Noticed Dowan
  5460 | D:5      | Killed Duvessa
  5467 | D:5      | Killed Dowan
  5494 | D:5      | Reached skill level 11 in Axes
  5547 | D:5      | Found a staircase to the Ecumenical Temple.
  5552 | Temple   | Entered the Ecumenical Temple
  5982 | D:5      | Reached skill level 12 in Axes
  6370 | D:6      | Reached XP level 9. HP: 73/82 MP: 9/9
  6475 | D:6      | Found a stormy altar of Qazlal.
  6620 | D:6      | Reached skill level 13 in Axes
  6719 | Temple   | Became a worshipper of Gozag Ym Sagoz the Greedy
  7229 | D:6      | Reached skill level 14 in Axes
  7377 | D:7      | Reached skill level 10 in Fighting
  7390 | D:7      | Reached XP level 10. HP: 93/93 MP: 10/10
  7445 | D:7      | Found a sacrificial altar of Ru.
  7722 | D:7      | Reached skill level 15 in Axes
  7876 | D:7      | Found a snail-covered altar of Cheibriados.
  8327 | D:8      | Found a glowing golden altar of the Shining One.
  8376 | D:8      | Noticed Pikel
  8387 | D:8      | Killed Pikel
  8410 | D:8      | Found a blossoming altar of Fedhas.
  8446 | D:8      | Noticed Grum
  8467 | D:8      | Killed Grum
  8620 | D:8      | Noticed Maggie
  8626 | D:8      | Killed Maggie
  9006 | D:8      | Reached skill level 16 in Axes
  9411 | D:9      | Found a runed translucent door.
  9412 | D:9      | Noticed tarna41's ghost (novice MiBe)
 10131 | D:9      | Killed tarna41's ghost
 10132 | D:9      | Reached skill level 17 in Axes
 10132 | D:9      | Reached XP level 11. HP: 92/104 MP: 9/11
 10173 | D:10     | Entered Level 10 of the Dungeon
 10280 | D:10     | Found a staircase to the Lair.
 10538 | D:10     | Identified the +1 robe of Inviolability {rC+ rCorr}
 10548 | D:10     | Reached skill level 18 in Axes
 10740 | D:10     | Found a sparkling altar of Nemelex Xobeh.
 11192 | D:10     | Found a staircase to the Orcish Mines.
 11255 | Lair:1   | Entered Level 1 of the Lair of Beasts
 11409 | Lair:1   | Reached skill level 19 in Axes
 11551 | Lair:1   | Noticed an eight-headed hydra
 11563 | Lair:1   | Reached XP level 12. HP: 115/115 MP: 9/12
 11567 | Lair:1   | Killed an 11-headed hydra
 11582 | Lair:1   | Reached skill level 20 in Axes
 12411 | Lair:2   | Noticed Nergalle
 12433 | Lair:2   | Killed Nergalle
 12650 | Lair:2   | Reached skill level 21 in Axes
 12659 | Lair:2   | Found a staircase to the Shoals.
 12910 | Lair:2   | Found a staircase to the Snake Pit.
 13588 | Lair:3   | Noticed a death yak
 13588 | Lair:3   | Noticed a death yak
 13598 | Lair:3   | Killed a death yak
 13599 | Lair:3   | Reached XP level 13. HP: 125/125 MP: 13/13
 13626 | Lair:3   | Reached skill level 15 in Fighting
 14046 | Lair:3   | Reached skill level 22 in Axes
 14161 | Lair:3   | Reached skill level 5 in Shields
 14165 | Lair:3   | Reached skill level 5 in Armour
 14191 | Lair:3   | Identified the +0 pair of boots "Qeveigie" {rElec rF+
                  | Int+2}
 14836 | Lair:4   | Found a snail-covered altar of Cheibriados.
 15072 | Lair:4   | Noticed Josephine
 15085 | Lair:4   | Killed Josephine
 15696 | Lair:5   | Entered Level 5 of the Lair of Beasts
 15742 | Lair:5   | Reached skill level 23 in Axes
 15935 | Lair:5   | Reached XP level 14. HP: 117/136 MP: 10/14
 16265 | Lair:5   | Noticed a dire elephant
 16282 | Lair:5   | Killed a dire elephant
 17048 | Lair:5   | Found a viscous altar of Jiyva.
 17048 | Lair:5   | Found a staircase to the Slime Pits.
 17228 | Lair:5   | Reached skill level 24 in Axes
 17663 | Lair:5   | Gained mutation: You are covered in fur. (AC +1) [potion of
                  | mutation]
 17663 | Lair:5   | Gained mutation: Your mind is acute. (Int +4, Str/Dex -1)
                  | [potion of mutation]
 17665 | Lair:5   | Reached XP level 15. HP: 145/145 MP: 15/15
 17928 | D:11     | Gained mutation: You occasionally lose the ability to read
                  | scrolls when taking damage. [a neqoxec]
 18025 | D:11     | Reached skill level 10 in Shields
 18032 | D:11     | Reached XP level 16. HP: 154/154 MP: 16/16
 18094 | D:11     | Lost mutation: Your mind is acute. (Int +4, Str/Dex -1)
                  | [potion of mutation]
 18094 | D:11     | Lost mutation: You occasionally lose the ability to read
                  | scrolls when taking damage. [potion of mutation]
 18094 | D:11     | Lost mutation: You are covered in fur. (AC +1) [potion of
                  | mutation]
 18094 | D:11     | Gained mutation: You have hidden genetic potential. [potion
                  | of mutation]
 18094 | D:11     | Gained mutation: Your system is resistant to poisons.
                  | (rPois) [potion of mutation]
 18094 | D:11     | Gained mutation: You are partially covered in iridescent
                  | scales. (AC +2) [potion of mutation]
 18533 | D:11     | Bought a shiny helmet for 247 gold pieces
 18533 | D:11     | Bought a runed cloak for 247 gold pieces
 18707 | D:12     | Reached skill level 10 in Armour
 18732 | D:12     | Found Fovoyrcha's Magic Scroll Shoppe.
 18797 | D:12     | Bought a scroll of magic mapping for 105 gold pieces
 18797 | D:12     | Bought a scroll of enchant armour for 105 gold pieces
 19933 | D:13     | Noticed Urug
 19950 | D:13     | Killed Urug
 20313 | D:14     | Found a bloodstained altar of Trog.
 20432 | D:14     | Found a large runed translucent door.
 20433 | D:14     | Found a large runed translucent door.
 20667 | Abyss:2  | Cast into level 2 of the Abyss (a wizard)
 20680 | Abyss:2  | Found a hide-covered altar of Uskayaw.
 20702 | Abyss:2  | Found a corrupted altar of Lugonu.
 20723 | Abyss:2  | Noticed a tentacled starspawn
 20730 | Abyss:2  | Killed a tentacled starspawn
 20731 | Abyss:2  | Reached skill level 25 in Axes
 21008 | Abyss:2  | Noticed a daeva
 21012 | Abyss:2  | HP: 5/155 [deep elf elementalist/freezing blast (15)]
 21024 | Abyss:2  | Noticed a tentacled starspawn
 21031 | Abyss:2  | Killed from afar by a daeva

Illustrated notes

Levels and vault maps discovered:
D:1:      heliophobic_arrival_battle_scene, layout_basic, minmay_misc_feat_x
D:2:      layout_basic, serial_shops, shop, nicolae_shop_trees, shop, shop,
          basic_altar
D:3:      layout_basic, shapermc_ecumenical_altar_mp_vishouse
D:4:      layout_loops_cross, gammafunk_ghost_split, serial_rivers,
          chequers_serial_rivers_large_a, chequers_serial_rivers_micro_e,
          chequers_serial_rivers_room_b, chequers_serial_rivers_large_b,
          chequers_serial_rivers_micro_e, chequers_serial_rivers_micro_b,
          uniq_blork_the_orc
D:5:      layout_layer_cave, temple_doors_e, uniq_duvessa
D:6:      minmay_razor_zed, layout_rooms, nicolae_qazlal_scattered_showers,
          grunt_ministairs_2
D:7:      layout_loops_ring, chei_slow_surprise, general_overflow_altar,
          hangedman_decor_push, st_stairs_1
D:8:      layout_basic, nicolae_overflow_crystal_walls,
          mainiacjoe_overflow_brackets, uniq_maggie, uniq_pikel, uniq_grum
D:9:      layout_irregular_city, gammafunk_ghost_grave, dreamdust_gnoll_shepherd
D:10:     layout_cave_pods, overflow_temple_1_default, lair_entry_dummy,
          david_orc_4
D:11:     layout_basic, minmay_misc_feat_nine_boxes
D:12:     layout_gridville, special_room [special_room_bee], serial_shops,
          nicolae_shop_stone
D:13:     layout_basic, uniq_urug
D:14:     doesnt_quadruple_sword, layout_layer_cave, grunt_vaults_entry_tiered,
          bloody_trog, serial_rivers, chequers_serial_rivers_small_3,
          chequers_serial_rivers_micro_e, chequers_serial_rivers_micro_e,
          chequers_serial_rivers_micro_c, chequers_serial_rivers_micro_d,
          chequers_serial_rivers_small_a
Temple:   kb_temple_of_zot
Lair:1:   layout_regular_city, grunt_megastairs_1
Lair:2:   layout_gridlike, minmay_shoals_entry_centaurs,
          nicolae_snake_entry_warm_welcome, chequers_serial_rivers_small_b,
          uniq_nergalle
Lair:3:   layout_roguey, minmay_lindwurm_lava
Lair:4:   layout_regular_city, small_statue_intersection,
          dreamdust_mushroom_princess, lemuel_centaur_altar, lemuel_fruit_tree,
          uniq_josephine
Lair:5:   grunt_lair_end_beastmaster, layout_loops_ring, slime_entry_1,
          special_room [special_room_mythical_zoo], grunt_megastairs_2,
          serial_bayou_shore_b
Abyss:2:  base:
Lair:2

Skill      XL: |  1  2  3  4  5  6  7  8  9 10 11 12 13 14 15 16 |
---------------+-------------------------------------------------+-----
Axes           | 3 4 5 7 8 9 12 14 17 19 21 23 24 25 | 25.2
Fighting       | 4 5 6 7 8 10 11 13 14 15 16 17 | 17.3
Shields        | 4 6 9 10 | 10.9
Armour         | 4 6 9 10 | 10.8

Action                     |  1- 3 |  4- 6 |  7- 9 | 10-12 | 13-15 | 16-18 || total
---------------------------+-------+-------+-------+-------+-------+-------++-------
  Melee: War axe           |   130 |   165 |    14 |       |       |       ||   309
         Broad axe         |       |       |   176 |   483 |   486 |   303 ||  1448
 Invoke: Potion Petition   |       |       |       |       |     1 |     5 ||     6
         Call Merchant     |       |       |       |       |       |     1 ||     1
  Evoke: Lightning rod     |       |       |       |     3 |     3 |       ||     6
         Wand              |       |       |       |       |     2 |       ||     2
    Use: Potion            |     2 |     1 |     4 |       |     5 |     1 ||    13
         Scroll            |     2 |     1 |    10 |     4 |     9 |     7 ||    33
   Stab: Distracted        |       |       |       |     1 |     2 |     4 ||     7
         Petrified         |       |       |       |       |    14 |       ||    14
         Petrifying        |       |       |       |       |     2 |       ||     2
 Armour: Scale mail        |    63 |    57 |       |       |       |       ||   120
         Chain mail        |       |    15 |    53 |       |       |       ||    68
         Plate armour      |       |       |    33 |   175 |   441 |   184 ||   833
  Dodge: Dodged            |    51 |   103 |    96 |   172 |   290 |   107 ||   819
  Block: Buckler           |    26 |    23 |    45 |    65 |       |       ||   159
         Kite shield       |       |       |       |    22 |   334 |   170 ||   526

Table legend: (Time is in decaauts)
 A = Elapsed time spent in this place.
 B = Non-inter-level travel time spent in this place.
 C = Inter-level travel time spent in this place.
 D = Time resting spent in this place.
 E = Time spent auto-exploring this place.
 F = Levels seen in this place.
 G = Mean time per level.
                   A        B        C        D        E       F      G
               +--------+--------+--------+--------+--------+-----+--------+
         Total |  20974 |  19865 |   1109 |   1261 |  14741 |  21 |  998.8 |
       Dungeon |  14035 |  13153 |    882 |   1152 |   9666 |  14 | 1002.5 |
        Temple |    184 |    148 |     36 |      0 |      0 |   1 |  184.0 |
          Lair |   6412 |   6222 |    190 |    109 |   4891 |   5 | 1282.4 |
         Abyss |    342 |    342 |      0 |      0 |    184 |   1 |  342.0 |
               +--------+--------+--------+--------+--------+-----+--------+

Top non-repeatable levels by time:
     D:1: 2039 daAuts
  Lair:5: 1978 daAuts
     D:4: 1473 daAuts
  Lair:4: 1351 daAuts
     D:5: 1283 daAuts
  Lair:1: 1126 daAuts
  Lair:2: 1087 daAuts
    D:10: 1072 daAuts
    D:12: 1046 daAuts
     D:6: 961 daAuts
     D:3: 957 daAuts
     D:8: 927 daAuts
  Lair:3: 867 daAuts
     D:7: 866 daAuts
     D:9: 807 daAuts
